 Dungeon Sprint DCSS version 0.31-a0-851-g7ff8af7976 (webtiles) character file.

Game seed: 18010610433308032188

84049 sircluck the Wrestler (level 14, -18/255 HPs)
             Began as a Troll Berserker on Oct 6, 2023.
             Was an Elder of Trog.
             Demolished by a guardian mummy (19 damage)
             ... in the Dungeon (Sprint III: "The Ten Rune Challenge").
             The game lasted 00:27:01 (7434 turns).

sircluck the Wrestler (Troll Berserker)             Turns: 7434, Time: 00:27:02

Health: -18/255    AC:  7    Str: 36      XL:     14   Next: 40%
Magic:  20/20      EV: 13    Int:  3      God:    Trog [****..]
Gold:   2354       SH: 12    Dex:  7 (9)  Spells: 13/13 levels left

rFire   . .          .
                       - Unarmed
rCold   . . .        c - +0 kite shield {reflect}
rNeg    . . .        a - +0 animal skin
rPois   .            b - +2 hat {SInv}
rElec   .            h - +0 cloak
rCorr   .            (gloves unavailable)
SInv    +            (boots unavailable)
Will    +....        (no amulet) Stlth
                     o - ring "Useg" {+Blink MP+9 Str+4}
HPRegen 1.42/turn    j - ring of flight
MPRegen 0.17/turn

%: no teleportation, reflection
@: berserking (expiring), flying, slowed
A: large, unfitting armour, claws 3, regeneration 1, shaggy fur 1, tough skin 1,
low MP 1
}: 2/10 runes: decaying, barnacled
a: Renounce Religion, Evoke Blink, Berserk, Trog's Hand, Brothers in Arms


You were in the Dungeon.
You worshipped Trog.
Trog was greatly pleased with you.
You visited 1 branch You collected 3337 gold pieces.
You spent 983 gold pieces at shops.

Inventory:

Missiles
 r - 10 large rocks
Armour
 a - a +0 animal skin (worn)
 b - a +2 hat of see invisible (worn)
 c - a +0 kite shield of reflection (worn)
 h - a +0 cloak (worn)
 v - +0 ice dragon scales
 x - a scarf of shadows
Jewellery
 j - a ring of flight (right claw)
 o - the ring "Useg" (left claw) {+Blink MP+9 Str+4}
   (You bought it in a shop in the Dungeon)

   [ring of magical power]

   Str+4:     It affects your strength (+4).
   MP+9:      It affects your magic capacity (+9).
   +Blink:    It lets you blink.
 t - a ring of fire
Wands
 n - a wand of polymorph (8)
 q - a wand of roots (5)
 s - a wand of flame (10)
Scrolls
 g - a scroll of fear {unknown}
 l - 2 scrolls of torment
 m - 2 scrolls of identify
 w - a scroll of acquirement
Potions
 d - a potion of haste
 e - 2 potions of magic
 f - 2 potions of berserk rage
 k - a potion of enlightenment
 p - a potion of brilliance
Miscellaneous
 i - a lightning rod (4/4)


   Skills:
 + Level 18.7 Fighting
 + Level 18.6 Dodging
 + Level 15.9 Shields
 + Level 21.8 Unarmed Combat


You had 13 spell levels left.
You didn't know any spells.
Your spell library was empty.

Dungeon Overview and Level Annotations

Branches:
Dungeon (1/1)

Altars:
Cheibriados
Dithmenos
Elyvilon
Fedhas
Gozag
Hepliaklqana
Kikubaaqudgha
Makhleb
Nemelex Xobeh
Okawaru
Qazlal
Ru
Sif Muna
Trog
Uskayaw
Vehumet
Wu Jian
Xom
Yredelemnul
Zin
The Shining One
Jiyva
Lugonu

Shops:
D !:[=[?:=[(*![(=?:!

Annotations:
D exclusion: 2 doors


Innate Abilities, Weirdness & Mutations

You are too large for most types of armour.
You have claws for hands.
Your natural rate of healing is unusually fast.
You are covered in fur. (AC +1)
You have tough skin. (AC +1)
Your magical capacity is low. (-10% MP)


Message History

The ice devil hits you.
* * * LOW HITPOINT WARNING * * *
The ice devil freezes you!!
* * * LOW HITPOINT WARNING * * *
You mangle the ice devil!!
You kill the ice devil!
The ice devil disappears in a puff of smoke!
The shadow wraith barely misses you.
The shadow wraith attacks as it pursues you!
The shadow wraith hits you!
* * * LOW HITPOINT WARNING * * *
The shadow wraith drains your vigour!
You feel as though you will be slow longer.
You mangle the shadow wraith!!
You destroy the shadow wraith!
The shadow wraith disappears in a puff of smoke!
You hear a loud "Zot"!
You barely miss the mummy priest. You mangle the mummy priest!!
The mummy priest is heavily damaged.
You block the mummy priest's attack.
You eviscerate the mummy priest!!!
You destroy the mummy priest!
Trog accepts your kill.
You feel extremely nervous for a moment...
You feel horribly lethargic.
You feel as though you will be slow longer.
You feel your dexterity returning.
You claw the guardian mummy!
The guardian mummy is moderately damaged.
You barely miss the guardian mummy.
The guardian mummy is moderately damaged.
The guardian mummy hits you!
* * * LOW HITPOINT WARNING * * *
The red devil disappears in a puff of smoke!
The mummy priest calls down the wrath of its god upon you.
Something smites you!
* * * LOW HITPOINT WARNING * * *
The guardian mummy hits you!!
You die...

,,,,▓..#...^..........#
,~*,▓..#..............#
,~*,▓..#..##########..#
*+**▓..#.^#.zMzM|)?#..#
*,,,▓..#..#WMMMM:4/#..#
***,▓^.#..#M.MM.:=/#..#
,,,,▓..#^.#..MBMφ/|#^.#
+***▓^^#..#M########)^#
,,~,▓..#..#^M§.M@.....#
~,~,▓..'.^#..M.M.^....#
~,~,▓##################
~,,,*******************
+****,+,,,,*,,+,,,*,,,*
*,*,*,*^,,,*,**,,,*,^,*
,*,**,*,^,^*,,*~~~*,,,*
*,*,*,**+****,*~~~*,*,*
*****,*,,,,*,,*,,,*,*,*


You could see a royal mummy, 2 mummy priests and 2 guardian mummies.

Vanquished Creatures
  A lich (D)
  A sphinx (D)
  Frances (D)
  Ilsuiw (D)
  A dire elephant (D)
  Azrael (D)
  An iron golem (D)
  A fire dragon (D)
  3 yaktaur captains (D)
  3 mummy priests (D)
  6 ice dragons (D)
  Erolcha (D)
  3 hydras (D)
  A dancing weapon (D)
  A centaur warrior (D)
  Urug (D)
  A death yak (D)
  4 hell knights (D)
  A deep elf knight (D)
  A sea snake (D)
  A death drake (D)
  A skeletal warrior (D)
  A lindwurm (D)
  3 deep elf pyromancers (D)
  2 deep elf zephyrmancers (D)
  2 crystal guardians (D)
  2 ugly things (D)
  2 black mambas (D)
  2 cane toads (D)
  A hellion (D)
  A rime drake (D)
  A komodo dragon (D)
  2 yaktaurs (D)
  7 guardian mummies (D)
  4 spriggan defenders (D)
  2 tyrant leeches (D)
  2 orc high priests (D)
  7 blink frogs (D)
  2 slime creatures (D)
  A shadow (D)
  5 redbacks (D)
  3 wandering mushrooms (D)
  A spatial vortex (D)
  A hydra simulacrum (D)
  A swamp drake (D)
  An orc warrior (D)
  5 two-headed ogres (D)
  A necrophage (D)
  A water elemental (D)
  27 killer bees (D)
  An electric eel (D)
  A jelly (D)
  2 orc priests (D)
  Crazy Yiuf (D)
  Jessica (D)
  A wizard (D)
  2 necromancers (D)
  3 humans (D)
  A kobold demonologist (D)
  2 swamp drake simulacra (D)
  An endoplasm (D)
  A rat (D)
143 creatures vanquished.

Vanquished Creatures (collateral kills)
  Rupert (D)
  A sphinx (D)
  Polyphemus (D)
  Gastronok (D)
  Donald (D)
  A dire elephant (D)
  A slime creature (D)
  A mummy priest (D)
  A merfolk javelineer (D)
  3 death yaks (D)
  3 dancing weapons (D)
  An obsidian statue (D)
  An orc knight (D)
  2 crystal guardians (D)
  2 elephants (D)
  5 guardian mummies (D)
  A queen bee (D)
  3 dream sheep (D)
  A blink frog (D)
  2 orc warriors (D)
  5 killer bees (D)
  2 orc priests (D)
  An orc wizard (D)
  11 orcs (D)
52 creatures vanquished.

Grand Total: 195 creatures vanquished

Notes
Turn   | Place    | Note
-------+----------+-------------------------------------------
     0 | D        | sircluck the Troll Berserker began the quest for the Orb.
     0 | D        | Reached XP level 1. HP: 22/22 MP: 0/0
    10 | D        | Noticed Jessica
    16 | D        | Killed Jessica
    16 | D        | Reached ** piety under Trog
    17 | D        | Reached skill level 4 in Unarmed Combat
    17 | D        | Reached XP level 2. HP: 7/32 MP: 1/1
    47 | D        | Noticed Crazy Yiuf
    53 | D        | Killed Crazy Yiuf
    54 | D        | Reached skill level 5 in Unarmed Combat
    54 | D        | Reached XP level 3. HP: 22/39 MP: 2/2
    65 | D        | Reached XP level 4. HP: 23/49 MP: 3/3
    91 | D        | Gained mutation: You are frail. (-10% HP) [potion of
                  | mutation]
    91 | D        | Gained mutation: You are agile. (Dex +4, Str/Int -1)
                  | [potion of mutation]
    92 | D        | Lost mutation: You are frail. (-10% HP) [potion of
                  | mutation]
    92 | D        | Lost mutation: You are agile. (Dex +4, Str/Int -1) [potion
                  | of mutation]
    92 | D        | Gained mutation: You are weak. (Str -2) [potion of
                  | mutation]
    92 | D        | Lost mutation: You are weak. (Str -2) [potion of mutation]
    93 | D        | Gained mutation: Your flesh is heat resistant. (rF+)
                  | [potion of mutation]
    94 | D        | Lost mutation: Your flesh is heat resistant. (rF+) [potion
                  | of mutation]
    94 | D        | Gained mutation: You are strong-willed. (Will+) [potion of
                  | mutation]
    94 | D        | Gained mutation: You are highly strong-willed. (Will++)
                  | [potion of mutation]
    95 | D        | Lost mutation: You are highly strong-willed. (Will++)
                  | [potion of mutation]
    95 | D        | Lost mutation: You are strong-willed. (Will+) [potion of
                  | mutation]
    95 | D        | Gained mutation: Your magical capacity is low. (-10% MP)
                  | [potion of mutation]
    96 | D        | Lost mutation: Your magical capacity is low. (-10% MP)
                  | [potion of mutation]
    96 | D        | Gained mutation: Your magical capacity is low. (-10% MP)
                  | [potion of mutation]
   114 | D        | Noticed a water elemental
   118 | D        | Killed a water elemental
   118 | D        | Reached *** piety under Trog
   119 | D        | Reached skill level 5 in Fighting
   119 | D        | Reached skill level 5 in Dodging
   119 | D        | Reached skill level 6 in Unarmed Combat
   123 | D        | Found a radiant altar of Vehumet.
   123 | D        | Found a shimmering blue altar of Sif Muna.
   123 | D        | Found an ancient bone altar of Kikubaaqudgha.
   123 | D        | Noticed a wizard
   124 | D        | Killed a wizard
   125 | D        | Reached XP level 5. HP: 58/58 MP: 3/3
   137 | D        | Found a glowing silver altar of Zin.
   137 | D        | Found a glowing golden altar of the Shining One.
   137 | D        | Found a white marble altar of Elyvilon.
   138 | D        | Noticed a deep elf pyromancer
   141 | D        | Killed a deep elf pyromancer
   141 | D        | Reached **** piety under Trog
   142 | D        | Reached skill level 9 in Unarmed Combat
   142 | D        | Reached XP level 6. HP: 72/72 MP: 4/4
   142 | D        | Reached XP level 7. HP: 80/80 MP: 5/5
   148 | D        | Found a hide-covered altar of Uskayaw.
   148 | D        | Found an iron altar of Okawaru.
   148 | D        | Found a bloodstained altar of Trog.
   148 | D        | Found an ornate altar of the Wu Jian Council.
   148 | D        | Noticed a human
   148 | D        | Noticed a human
   157 | D        | Killed a human
   158 | D        | Reached skill level 10 in Unarmed Combat
   159 | D        | Killed a human
   183 | D        | Found a basalt altar of Yredelemnul.
   183 | D        | Found a shadowy altar of Dithmenos.
   183 | D        | Found a sacrificial altar of Ru.
   188 | D        | Reached ***** piety under Trog
   202 | D        | Noticed a shadow
   209 | D        | Killed a shadow
   210 | D        | Reached XP level 8. HP: 69/92 MP: 6/6
   237 | D        | Found a blossoming altar of Fedhas.
   237 | D        | Found a stormy altar of Qazlal.
   237 | D        | Found a snail-covered altar of Cheibriados.
   237 | D        | Found a burning altar of Makhleb.
   237 | D        | Found a shimmering altar of Xom.
   238 | D        | Found a hazy altar of Hepliaklqana.
   238 | D        | Found an opulent altar of Gozag.
   238 | D        | Found a sparkling altar of Nemelex Xobeh.
   238 | D        | Found a corrupted altar of Lugonu.
   238 | D        | Found a viscous altar of Jiyva.
   246 | D        | Reached skill level 11 in Unarmed Combat
   332 | D        | Noticed a two-headed ogre
   339 | D        | Killed a two-headed ogre
   340 | D        | Reached skill level 10 in Fighting
   340 | D        | Reached skill level 10 in Dodging
   373 | D        | Noticed Erolcha
   373 | D        | Noticed a two-headed ogre
   378 | D        | Killed Erolcha
   378 | D        | Received a gift from Trog
   378 | D        | Reached ****** piety under Trog
   379 | D        | Reached skill level 12 in Unarmed Combat
   379 | D        | Reached XP level 9. HP: 15/102 MP: 7/7
   438 | D        | Killed a two-headed ogre
   548 | D        | Reached skill level 13 in Unarmed Combat
   552 | D        | HP: 5/105 [poisoned by a redback]
   557 | D        | HP: 4/105 [poisoned by a redback]
   562 | D        | HP: 2/105 [poisoned by a redback]
   660 | D        | Noticed Donald
   660 | D        | Noticed Frances
   666 | D        | Killed Donald
   668 | D        | Killed Frances
   668 | D        | Received a gift from Trog
   669 | D        | Reached skill level 14 in Unarmed Combat
   669 | D        | Reached XP level 10. HP: 117/117 MP: 8/8
   729 | D        | Reached skill level 1 in Shields
   750 | D        | Noticed a cane toad
   750 | D        | Noticed a cane toad
   756 | D        | Killed a cane toad
   764 | D        | Killed a cane toad
   820 | D        | Received a gift from Trog
   821 | D        | Reached skill level 15 in Unarmed Combat
  1012 | D        | Noticed an elephant
  1012 | D        | Noticed an elephant
  1012 | D        | Noticed a dire elephant
  1012 | D        | Noticed a dire elephant
  1017 | D        | Killed an elephant
  1017 | D        | Received a gift from Trog
  1018 | D        | Reached skill level 5 in Shields
  1018 | D        | Reached XP level 11. HP: 119/127 MP: 8/8
  1023 | D        | Noticed Gastronok
  1025 | D        | Killed a dire elephant
  1027 | D        | Killed a dire elephant
  1034 | D        | Killed Gastronok
  1035 | D        | Reached skill level 16 in Unarmed Combat
  1133 | D        | Noticed an azure jelly
  1133 | D        | Noticed an azure jelly
  1133 | D        | Noticed an azure jelly
  1134 | D        | Noticed an azure jelly
  1136 | D        | Noticed Rupert
  1138 | D        | Paralysed by Rupert for 2 turns
  1144 | D        | Killed Rupert
  1144 | D        | Received a gift from Trog
  1157 | D        | Noticed a death yak
  1158 | D        | Noticed a death yak
  1160 | D        | Noticed a death yak
  1161 | D        | Noticed a death yak
  1161 | D        | Killed a death yak
  1163 | D        | Killed a death yak
  1165 | D        | Killed a death yak
  1174 | D        | Killed a death yak
  1180 | D        | Reached skill level 17 in Unarmed Combat
  1302 | D        | Reached XP level 12. HP: 129/140 MP: 9/9
  1315 | D        | Received a gift from Trog
  1419 | D        | Noticed Urug
  1427 | D        | Killed Urug
  1428 | D        | Reached skill level 15 in Fighting
  1491 | D        | Noticed a four-headed hydra
  1491 | D        | Noticed a seven-headed hydra
  1497 | D        | Killed an eight-headed hydra
  1501 | D        | Killed an 11-headed hydra
  1502 | D        | Reached skill level 15 in Dodging
  1572 | D        | Identified the +9 rapier "Getepnora" {flame, rCorr SInv}
                  | (Trog gifted it to you in the Dungeon)
  1572 | D        | Received a gift from Trog
  1573 | D        | Reached skill level 10 in Shields
  1700 | D        | Noticed Polyphemus
  1713 | D        | Killed Polyphemus
  1717 | D        | Reached skill level 18 in Unarmed Combat
  1799 | D        | Noticed Ilsuiw
  1913 | D        | Found Wimeeng's Antique Armour Emporium.
  1988 | D        | Killed Ilsuiw
  2051 | D        | Found Nyrogg's Magic Scroll Shop.
  2053 | D        | Found Jakeja's Book Shoppe.
  2054 | D        | Noticed a merfolk javelineer
  2080 | D        | Killed a merfolk javelineer
  2185 | D        | Got a barnacled rune of Zot
  2757 | D        | Found Mainoim's Antique Armour Emporium.
  2757 | D        | Found Caz Such's Assorted Antiques.
  2757 | D        | Found Xireorr's Distillery.
  2757 | D        | Found Untusmot's Distillery.
  2757 | D        | Found Sirror's Antique Weapon Emporium.
  2757 | D        | Found Pol Hel's Weapon Shoppe.
  2757 | D        | Found Hyhongye's Book Shop.
  2757 | D        | Found Wifytaf's Armour Shop.
  2757 | D        | Found Zocicid's Magic Scroll Emporium.
  2757 | D        | Found Lixem's Jewellery Emporium.
  2757 | D        | Found Beuddel's Jewellery Boutique.
  2915 | D        | Bought a scroll of revelation for 90 gold pieces
  3030 | D        | Noticed a yaktaur captain
  3030 | D        | Noticed a centaur warrior
  3087 | D        | Killed a centaur warrior
  3196 | D        | Identified the orb "Tised" {guile, rC+ Dex+6}
  3207 | D        | Noticed a fire dragon
  3210 | D        | Killed a fire dragon
  3211 | D        | Reached XP level 13. HP: 137/153 MP: 10/10
  3229 | D        | Reached skill level 19 in Unarmed Combat
  3259 | D        | HP: 5/154 [+0 battleaxe of flaming (6)]
  3371 | D        | Identified the +1 executioner's axe of Gajew {flame, rElec
                  | SInv}
  3577 | D        | Received a gift from Trog
  3628 | D        | Identified the +6 scimitar of Fragile Peace {heavy, Fragile
                  | Will+ Dex+5} (Trog gifted it to you in the Dungeon)
  3628 | D        | Received a gift from Trog
  3694 | D        | Received a gift from Trog
  3784 | D        | Received a gift from Trog
  3799 | D        | Received a gift from Trog
  3805 | D        | Found Oreh's Jewellery Shop.
  4028 | D        | Bought the ring "Useg" {+Blink MP+9 Str+4} for 508 gold
                  | pieces
  4533 | D        | Bought 2 potions of heal wounds for 140 gold pieces
  4533 | D        | Bought a potion of heal wounds for 70 gold pieces
  4801 | D        | Found Ficyudgh's Distillery.
  4801 | D        | Found Oxiug's Book Boutique.
  4873 | D        | Found Kimam's Antique Armour Emporium.
  4893 | D        | Received a gift from Trog
  4894 | D        | Reached skill level 20 in Unarmed Combat
  4998 | D        | Got a decaying rune of Zot
  5815 | D        | Noticed a deep elf demonologist
  5818 | D        | Noticed an Executioner
  5948 | D        | Identified the +10 lajatang of Dishonour {holy, rCorr Dex+3
                  | SInv}
  5948 | D        | Noticed a deep elf demonologist
  6059 | D        | Identified the staff "Tomamiv" {rElec Str+5 Int+2 Dex+2
                  | Air}
  6059 | D        | Noticed a deep elf death mage
  6060 | D        | Noticed a deep elf death mage
  6061 | D        | Noticed a deep elf master archer
  6061 | D        | Noticed a deep elf annihilator
  6063 | D        | Noticed an Ice Fiend
  6069 | D        | Killed a deep elf death mage
  6070 | D        | Noticed a Brimstone Fiend
  6216 | D        | Bought a ring of flight for 175 gold pieces
  6406 | D        | Noticed Azrael
  6412 | D        | Killed Azrael
  6600 | D        | Received a gift from Trog
  6772 | D        | Noticed an iron golem
  6791 | D        | Killed an iron golem
  6880 | D        | Reached XP level 14. HP: 27/167 MP: 11/11
  6886 | D        | Reached skill level 21 in Unarmed Combat
  7002 | D        | Noticed a lich
  7015 | D        | Killed a lich
  7016 | D        | Reached skill level 15 in Shields
  7108 | D        | Noticed a sphinx
  7108 | D        | Noticed a sphinx
  7116 | D        | Paralysed by a sphinx for 4 turns
  7118 | D        | Killed a sphinx
  7127 | D        | Killed a sphinx
  7127 | D        | Received a gift from Trog
  7299 | D        | Received a gift from Trog
  7395 | D        | Noticed a royal mummy
  7395 | D        | Noticed a royal mummy
  7434 | D        | HP: 1/255 [mummy priest/divine providence (13)]
  7434 | D        | Demolished by a guardian mummy

Illustrated notes

Levels and vault maps discovered:
D:        dungeon_sprint_mu [sprint_mu_entry_forest, sprint_mu_temple_rooms,
          sprint_mu_d1_spiders, sprint_mu_d2_genie, sprint_mu_d3_branching,
          sprint_mu_orc_legion, sprint_mu_elf_gauntlet, sprint_mu_hive_nellie,
          sprint_mu_lair_fedhas, sprint_mu_vaults_butterflies,
          sprint_mu_slime_circle, sprint_mu_swamp_cave, sprint_mu_shoals_archi,
          sprint_mu_blade_basic, sprint_mu_crypt_fortress,
          sprint_mu_tomb_spiral, sprint_mu_vestibule_basic,
          sprint_mu_gehenna_hellfire, sprint_mu_dis_giant,
          sprint_mu_tartarus_statrot, sprint_mu_cocytus_islands, sprint_mu_zot1]

Skill      XL: |  1  2  3  4  5  6  7  8  9 10 11 12 13 14 |
---------------+-------------------------------------------+-----
Fighting       | 3 4 5 8 9 10 12 13 14 16 17 18 | 18.7
Dodging        | 3 4 5 7 9 10 12 13 14 16 17 18 | 18.6
Unarmed Combat | 4 5 6 9 10 12 14 15 17 18 20 21 | 21.8
Shields        | 5 9 12 14 15 | 15.9

Action                     |  1- 3 |  4- 6 |  7- 9 | 10-12 | 13-15 || total
---------------------------+-------+-------+-------+-------+-------++-------
  Melee: Unarmed           |    12 |    11 |    57 |   227 |   263 ||   570
         Punch             |     1 |       |     2 |       |       ||     3
 Invoke: Brothers in Arms  |       |       |     1 |     9 |    15 ||    25
         Berserk           |       |       |     1 |     2 |    10 ||    13
         Trog's Hand       |       |       |       |       |     1 ||     1
Ability: Evoke Blink       |       |       |       |       |     1 ||     1
  Evoke: Lightning rod     |       |       |       |       |     2 ||     2
         Wand              |       |       |       |       |     1 ||     1
    Use: Potion            |       |     6 |     3 |       |     6 ||    15
         Scroll            |       |       |       |     1 |     5 ||     6
   Stab: Distracted        |       |       |       |       |     1 ||     1
 Armour: Animal skin       |     5 |     4 |    37 |   134 |   191 ||   371
  Dodge: Dodged            |     3 |     4 |    23 |    68 |   125 ||   223
  Block: Kite shield       |       |       |       |    58 |   130 ||   188
         Reflection        |       |       |       |     2 |     6 ||     8

Table legend: (Time is in decaauts)
 A = Elapsed time spent in this place.
 B = Non-inter-level travel time spent in this place.
 C = Inter-level travel time spent in this place.
 D = Time resting spent in this place.
 E = Time spent auto-exploring this place.
 F = Levels seen in this place.
 G = Mean time per level.
                   A        B        C        D        E       F      G
               +--------+--------+--------+--------+--------+-----+--------+
         Total |   7439 |   6129 |   1310 |   3772 |    353 |   1 | 7439.0 |
       Dungeon |   7439 |   6129 |   1310 |   3772 |    353 |   1 | 7439.0 |
               +--------+--------+--------+--------+--------+-----+--------+

Top non-repeatable levels by time:
       D: 7439 daAuts
